 Dungeon Crawl Stone Soup version 0.25.1-2-g60ff931df9 (webtiles) character file.

Game seed: 9685212811182242621

247 Cykl0x the Shield-Bearer (level 6, -1/48 HPs)
             Began as a Formicid Fighter on Nov 3, 2020.
             Slain by an orc priest
             ... wielding a +1 antimagic whip
              (3 damage)
             ... on level 4 of the Dungeon.
             The game lasted 00:05:40 (2696 turns).

Cykl0x the Shield-Bearer (Formicid Fighter)         Turns: 2696, Time: 00:05:41

Health: -1/48      AC:  9    Str: 21 (23) XL:     6   Next: 34%
Magic:  6/6        EV:  6    Int:  6 (7)  God:
Gold:   220        SH: 10    Dex:  8 (10) Spells: 5/5 levels left

rFire    + . .     SeeInvis +   a - +1 long sword
rCold    . . .     Gourm    .   c - +1 kite shield
rNeg     + . .     Faith    .   p - +0 chain mail
rPois    .         Spirit   .   (helmet unavailable)
rElec    .         Reflect  .   (no cloak)
rCorr    .         Harm     .   (no gloves)
MR       .....                  (no boots)
Stlth    ..........             (no amulet)
HPRegen  0.16/turn              q - ring of positive energy
MPRegen  0.10/turn              m - ring of protection from fire

@: no status effects
A: permanent stasis, dig shafts and tunnels, four strong arms, antennae 3
a: Dig, Shaft Self


You were on level 4 of the Dungeon.
You were not hungry.

You visited 1 branch of the dungeon, and saw 4 of its levels.

You collected 220 gold pieces.

Inventory:

Hand Weapons
 a - a +1 long sword (weapon)
Missiles
 g - 199 stones
 l - 8 boomerangs (quivered)
Armour
 b - a +0 scale mail
 c - a +1 kite shield (worn)
 p - a +0 chain mail (worn)
Jewellery
 m - a ring of protection from fire (right hand)
 n - an uncursed ring of wizardry
 q - a ring of positive energy (left hand)
Wands
 o - a wand of paralysis (13)
Scrolls
 e - 3 scrolls of enchant armour
 t - a scroll of blinking {unknown}
Potions
 d - a potion of might
 i - a potion of invisibility
 j - a potion of brilliance
 k - 2 potions of heal wounds {unknown}
 r - a potion of flight {unknown}
 s - a potion of haste {unknown}
Comestibles
 f - 5 rations


   Skills:
 + Level 4.0 Fighting
 + Level 3.8 Long Blades
 + Level 1.6 Throwing
 + Level 4.0 Armour
 + Level 1.0 Dodging
 - Level 0.5 Stealth
 + Level 4.8 Shields


You had 5 spell levels left.
You didn't know any spells.
Your spell library was empty.

Dungeon Overview and Level Annotations

Branches:
Dungeon (4/15)
 Temple: D:4-7

Altars:
Ashenzari
Dithmenos
Nemelex Xobeh
Vehumet


Innate Abilities, Weirdness & Mutations

You cannot be hasted, slowed, berserked, paralysed or teleported.
You can dig through walls and to a lower floor.
Your four strong arms can wield two-handed weapons with a shield.
You have a pair of large antennae on your head. (SInv)


Message History

You are electrocuted!!
* * * LOW HITPOINT WARNING * * *
The orc priest hits you with a +1 antimagic whip.
* * * LOW HITPOINT WARNING * * *
You block the orc's attack. The orc hits you but does no damage.
It was a potion of degeneration.
There was something very wrong with that liquid.
You feel weakened.
You feel dopey.
You feel clumsy. You block the orc priest's attack. You block the orc's attack.
The orc barely misses you.
You closely miss the orc priest. You block the orc priest's attack.
The orc hits you but does no damage. The orc closely misses you.
You riposte.
You hit the orc.
The orc is severely wounded.
The orc priest hits you but does no damage.
You hit the orc priest.
The orc priest is lightly wounded.
You block the orc's attack. The orc hits you but does no damage.
The orc priest hits you with a +1 antimagic whip.
You die...

###...#
#........
#.....#
#######..
#.....#
##.
#.....#
#.
#....)#
##
#.?.).#
####..# #
#.o#
#####
#@o#
#....
#o.#
#.....#.
#..#
#.###[..
.... #.#.
.....
#...
#...###
##.#
##### #..
###


You could see an orc priest and 2 orcs.

Vanquished Creatures
  An ogre (D:4)
  An orc wizard (D:4)
  A worker ant (D:2)
  A hound skeleton (D:4)
  4 adders
  2 worms
  3 leopard geckos
  4 orcs (D:4)
  6 bats
  4 giant cockroaches
  9 goblins
  3 hobgoblins
  7 frilled lizards
  5 kobolds
  3 rats
54 creatures vanquished.

Notes
Turn   | Place    | Note
-------+----------+-------------------------------------------
     0 | D:1      | Cykl0x the Formicid Fighter began the quest for the Orb.
     0 | D:1      | Reached XP level 1. HP: 18/18 MP: 1/1
   159 | D:1      | Reached XP level 2. HP: 21/24 MP: 2/2
   869 | D:2      | Reached XP level 3. HP: 9/30 MP: 3/3
  1101 | D:2      | Reached XP level 4. HP: 34/37 MP: 4/4
  1224 | D:2      | Found a sparkling altar of Nemelex Xobeh.
  1658 | D:3      | Found a radiant altar of Vehumet.
  1872 | D:3      | Reached skill level 1 in Throwing
  2083 | D:3      | Reached XP level 5. HP: 37/42 MP: 5/5
  2353 | D:4      | Noticed an ogre
  2398 | D:4      | Found a shadowy altar of Dithmenos.
  2466 | D:4      | Killed an ogre
  2466 | D:4      | Reached skill level 1 in Dodging
  2466 | D:4      | Reached XP level 6. HP: 33/48 MP: 6/6
  2636 | D:4      | Found a shattered altar of Ashenzari.
  2693 | D:4      | HP: 2/48 [orc priest/+1 antimagic whip (2)]
  2696 | D:4      | Slain by an orc priest

Illustrated notes

Levels and vault maps discovered:
D:1:      minmay_arrival_cross, layout_basic
D:2:      layout_basic, corexii_leaking_fountain, nemelex_diamond_rough_becter
D:3:      layout_rooms, overflow_temple_1_default, first_ration
D:4:      layout_loops_ring, nicolae_overflow_crystal_walls,
          ashenzari_conservatory_becter, serial_glass, glass_columns_a,
          glass_columns_b, glass_columns_a, glass_columns_b, glass_columns_a,
          glass_columns_a, grunt_dithmenos_smoke_and_mirrors

Skill      XL: |  1  2  3  4  5 |
---------------+----------------+-----
Shields        | 4 |  4.8
Throwing       | 1 |  1.6
Long Blades    | 3 |  3.8
Fighting       | 4 |  4.0
Armour         | 4 |  4.0
Dodging        | 1 |  1.0
Stealth        | |  0.5

Action                   |  1- 3 |  4- 6 || total
-------------------------+-------+-------++-------
Melee: Long sword        |    50 |   104 ||   154
Throw: Boomerang         |    10 |    39 ||    49
 Abil: Dig               |       |     1 ||     1
  Use: Scroll            |     2 |     8 ||    10
       Potion            |     1 |     1 ||     2
  Eat: Chunk             |     1 |     5 ||     6
Armor: Scale mail        |    15 |    36 ||    51
       Chain mail        |       |     8 ||     8
Dodge: Dodged            |    24 |    28 ||    52
Block: Kite shield       |    34 |    59 ||    93
       Rpst.: Long sword |     5 |    12 ||    17
